 Dungeon Crawl Stone Soup version 0.31.0-11-ge490571c62 (webtiles) character file.

Game seed: 3913887142376703700

165 qw the Skirmisher (level 5, -12/29 HPs)
             Began as a Deep Elf Hunter on Feb 4, 2024.
             Killed by nerve-wracking pain
             ... invoked by an orc priest
              (14 damage)
             ... on level 3 of the Dungeon.
             The game lasted 00:01:10 (1822 turns).

qw the Skirmisher (Deep Elf Hunter)                 Turns: 1822, Time: 00:01:11

Health: -12/29     AC:  6    Str: 10    XL:     5   Next: 22%
Magic:  7/7        EV: 11    Int: 14    God:
Gold:   235        SH:  0    Dex: 18    Spells: 4/4 levels left

rFire   . . .        a - +0 shortbow (freeze)
rCold   . . .        (shield currently unavailable)
rNeg    . . .        f - +0 ring mail
rPois   .            (no helmet)
rElec   .            (no cloak)
rCorr   .            c - +0 pair of gloves "Weenwen" {Rampage}
SInv    .            (no boots)
Will    .....        (no amulet)
Stlth   +            (no ring)
HPRegen 0.24/turn    (no ring)
MPRegen 0.10/turn

%: rampage
@: no status effects
A: no striking features
a: no special abilities


You were on level 3 of the Dungeon.
You visited 1 branch of the dungeon, and saw 3 of its levels.

You collected 235 gold pieces.


   Skills:
 - Level 1.5 Fighting
 + Level 8.7 Ranged Weapons
 - Level 2.4 Dodging
 - Level 1.2 Stealth


You had 4 spell levels left.
You didn't know any spells.
Your spell library was empty.

Inventory:

Hand Weapons
 a - a +0 shortbow of freezing (weapon)
Armour
 c - the +0 pair of gloves "Weenwen" (worn) {Rampage}
   (You acquired it on level 2 of the Dungeon)

   Rampage:   It bestows one free step when moving towards enemies.
 f - a +0 ring mail (worn)
Potions
 d - 2 potions of heal wounds {unknown}
 e - a potion of degeneration {unknown}
 g - a potion of might {unknown}

Dungeon Overview and Level Annotations

Branches:
Dungeon (3/15)

Altars:

Shops:
D:1 (


Message History

Enter note:
Enter note: You shoot an arrow.
The arrow hits the frilled lizard!
The arrow freezes the frilled lizard.
You kill the frilled lizard!
You open the huge gate.
There is a huge open gate here.
You open the door.
An orc priest and an orc come into view.
The orc shouts!
Found 4 stones and a coppery potion.
You shoot an arrow. The arrow hits the orc priest.
The arrow freezes the orc priest.
The orc priest is moderately wounded.
The orc priest calls down the wrath of Beogh upon you.
Beogh smites you!
You shoot an arrow.
The arrow closely misses the orc priest.
You shoot an arrow.
The arrow hits the orc priest but does no damage.
The orc priest is moderately wounded.
The orc priest hits you but does no damage.
You shoot an arrow.
The arrow hits the orc priest but does no damage.
The orc priest is moderately wounded.
The orc hits you with a +0 club. The orc priest hits you with a +0 mace.
You shoot an arrow. The arrow barely misses the orc priest.
The orc hits you but does no damage.
The orc priest hits you but does no damage.
The orc hits you but does no damage.
The orc priest mumbles some strange prayers to Beogh against you.
Beogh smites you!
Ouch! That really hurt!
You shoot an arrow. The arrow barely misses the orc priest.
The orc hits you but does no damage. The orc priest completely misses you.
You shoot an arrow. The arrow barely misses the orc priest.
The orc closely misses you.
The orc priest mumbles some strange prayers to Beogh against you.
Pain shoots through your body!
You die...

##############################...
# #+## #. #. #. #. #.
############ . +...@o...... .
#...o#(....^ . # #....# ...!. ##
#############''''############# ..
#............................#...
#~~~~~~~~~~~~....~~~~~~~~~~~~####
~~~~~~~~~~~~~....~~~~~~~~~~~~~~~~
~~~~~~~~~~~~~....~~~~~~~~~~~~~~~~
.................................


You could see an orc priest and an orc.

Vanquished Creatures
  A hound (D:3)
  4 gnolls (D:3)
  2 adders
  2 orcs (D:3)
  4 ball pythons
  10 bats
  9 endoplasms
  2 giant cockroaches
  5 goblins
  6 hobgoblins
  13 jackals (D:3)
  A quokka (D:2)
  4 frilled lizards
  4 kobolds
  5 rats
72 creatures vanquished.

Notes
Turn   | Place    | Note
-------+----------+-------------------------------------------
     0 | D:1      | qw the Deep Elf Hunter began the quest for the Orb.
     0 | D:1      | Reached XP level 1. HP: 12/12 MP: 3/3
     0 | D:1      | 0 ||| qw: Version: 0.3-a-160-g6735b56
     0 | D:1      | 0 ||| qw: Game counter: 5999
     0 | D:1      | 0 ||| qw: Melee chars always use a shield: true
     0 | D:1      | 0 ||| qw: God list: Okawaru
     0 | D:1      | 0 ||| qw: Allow faded altars: false
     0 | D:1      | 0 ||| qw: Do Orc after clearing Dungeon:15 true
     0 | D:1      | 0 ||| qw: Do second Lair branch before Depths: true
     0 | D:1      | 0 ||| qw: Lair rune preference: random
     0 | D:1      | 0 ||| qw: Goals: Normal
     0 | D:1      | 0 ||| PLANNING D:1-11
   231 | D:1      | Reached XP level 2. HP: 16/16 MP: 4/4
   234 | D:1      | Reached skill level 6 in Ranged Weapons
   243 | D:1      | Found Bask's Weapon Emporium.
   635 | D:1      | 635 ||| UPGRADING to +0 ring mail.
   645 | D:1      | 645 ||| DROPPING +0 leather armour.
   646 | D:1      | 646 ||| DROPPING scroll of butterflies.
   769 | D:2      | 769 ||| RETREEEEATING.
   775 | D:2      | Reached XP level 3. HP: 12/20 MP: 5/5
   854 | D:2      | Reached skill level 7 in Ranged Weapons
   897 | D:2      | 897 ||| FLEEEEING.
   898 | D:2      | 898 ||| FLEEEEING.
   899 | D:2      | 899 ||| FLEEEEING.
   900 | D:2      | 900 ||| FLEEEEING.
   901 | D:2      | 901 ||| FLEEEEING.
  1171 | D:2      | 1171 ||| READING scroll labelled BEALIN LON.
  1172 | D:2      | 1172 ||| READING 2 scrolls labelled KEHIEV UZOSTREM.
  1172 | D:2      | 1172 ||| BRANDING +0 shortbow.
  1173 | D:2      | 1173 ||| READING scroll of brand weapon.
  1173 | D:2      | 1173 ||| BRANDING +0 shortbow of flaming.
  1174 | D:2      | 1174 ||| READING scroll labelled HUEKHL NASAE.
  1174 | D:2      | Identified a scroll of acquirement
  1174 | D:2      | 1174 ||| ACQUIRING +0 pair of gloves "Weenwen" {Rampage}
  1174 | D:2      | Acquired the +0 pair of gloves "Weenwen" {Rampage}
  1176 | D:2      | 1176 ||| UPGRADING to +0 pair of gloves "Weenwen"
                  | {Rampage}.
  1181 | D:2      | 1181 ||| DRINKING 2 purple potions.
  1182 | D:2      | 1182 ||| DROPPING potion of attraction.
  1258 | D:3      | Reached XP level 4. HP: 25/25 MP: 6/6
  1457 | D:3      | Reached skill level 8 in Ranged Weapons
  1657 | D:3      | Reached XP level 5. HP: 29/29 MP: 7/7
  1820 | D:3      | HP: 2/29 [orc priest/divine providence (15)]
  1822 | D:3      | Killed from afar by an orc priest

Levels and vault maps discovered:
D:1:      minmay_arrival_five_plusses, layout_loops_cross, serial_shops,
          shop_coins
D:2:      layout_basic
D:3:      lemuel_castle_with_subvaults [lemuel_castle_interior_carwin_3],
          layout_loops_ring, minmay_misc_feat_roman

Skill      XL: |  1  2  3  4 |
---------------+-------------+-----
Ranged Weapons | 6 7 8 |  8.7
Fighting       | |  1.5
Dodging        | |  2.4
Stealth        | |  1.2

Action                     |  1- 3 |  4- 6 || total
---------------------------+-------+-------++-------
   Fire: Shortbow          |   123 |    71 ||   194
    Use: Scroll            |     4 |       ||     4
         Potion            |     1 |       ||     1
 Armour: Leather armour    |    12 |       ||    12
         Ring mail         |    18 |    20 ||    38
  Dodge: Dodged            |    21 |    13 ||    34

Table legend:
 A = Non-vault XP
 B = Vault XP
 C = Vault XP percentage of total XP
 D = Non-vault monster count
 E = Vault monster count
 F = Vault count percentage of total count
                 A         B        C        D         E       F
            +---------+---------+-------+---------+---------+-------
      Total |     153 |      84 |  35.4 |      56 |      16 |  22.2
            +---------+---------+-------+---------+---------+-------
        D:1 |      26 |       0 |   0.0 |      17 |       0 |   0.0
        D:2 |      48 |       0 |   0.0 |      21 |       0 |   0.0
        D:3 |      79 |      84 |  51.5 |      18 |      16 |  47.1
            +---------+---------+-------+---------+---------+-------
